3R
BALLARD BEAVERS @ NORTHWEST TERRITORY BEAVERS
06/23/2042
 
TOP OF THE 1ST
Ballard Beavers batting - Pitching for Northwest Territory Beavers : LHP Archie MacMurchy
Pitching: LHP Archie MacMurchy
Batting: RHB Eli Johnson 0-0: Called Strike
0-1: Ball
1-1: Ball
2-1: Swinging Strike
2-2: Strikes out swinging
Batting: RHB Kevin Neal 0-0: Ball
1-0: Ball
2-0: Foul Ball, location: 2F
2-1: Ground out 6-3 (Groundball, 6, EV 76.9 MPH)
Batting: RHB Eldon Broadus 0-0: Swinging Strike
0-1: Ball
1-1: Ball
2-1: Foul Ball, location: 2F
2-2: SINGLE (Line Drive, 89S, EV 88.8 MPH)
Batting: RHB Rich Joyner 0-0: Ball
1-0: Foul Ball, location: 2F
1-1: Ball
2-1: DOUBLE (Flyball, 8RXD, EV 95.0 MPH)
Eldon Broadus to third
Batting: LHB Tonito Gomez 0-0: Ball
1-0: Called Strike
1-1: Swinging Strike
1-2: Strikes out looking
Top of the 1st over - 0 runs, 2 hits, 0 errors, 2 left on base; Ballard 0 - Northwest Territory 0
BOTTOM OF THE 1ST
Northwest Territory Beavers batting - Pitching for Ballard Beavers : RHP Darryl Bailey
Pitching: RHP Darryl Bailey
Batting: RHB Ijsbert Reynoud 0-0: Ball
1-0: Ball
2-0: Foul Ball, location: 2F
2-1: Foul Ball, location: 2F
2-2: Ball
3-2: Foul Ball, location: 2F
3-2: Base on Balls
Batting: RHB Kenny Simmons 0-0: Ball
1-0: SINGLE (Line Drive, 89S, EV 102.5 MPH)
Ijsbert Reynoud to second
Batting: RHB Ming Wang 0-0: DOUBLE (Line Drive, 7LM, EV 106.9 MPH)
Ijsbert Reynoud scores
Kenny Simmons to third
Runner from 3rd tries for Home, SAFE, throw by LF to home
Batting: RHB Rodrigo Martínez 0-0: Foul Ball, location: 2F
0-1: Ball
1-1: Foul Ball, location: 2F
1-2: Strikes out looking
Batting: RHB Rich Kelley 0-0: Called Strike
0-1: Ball
1-1: Foul Ball, location: 2F
1-2: Fly out, F7 (Flyball, 7S, EV 88.8 MPH)
Batting: RHB Bartolo Cortéz 0-0: Called Strike
0-1: Ground out 5-3 (Groundball, 5, EV 109.4 MPH)
Bottom of the 1st over - 2 runs, 2 hits, 0 errors, 1 left on base; Ballard 0 - Northwest Territory 2
TOP OF THE 2ND
Ballard Beavers batting - Pitching for Northwest Territory Beavers : LHP Archie MacMurchy
Batting: RHB John Johnson 0-0: DOUBLE (Line Drive, 78M, EV 93.8 MPH)
Batting: LHB Bill Bass 0-0: Called Strike
0-1: SINGLE (Groundball, 34D, EV 106.2 MPH)
John Johnson to third
Batting: LHB Shane Holman 0-0: Called Strike
0-1: Ball
1-1: Fly out, F9 (Flyball, 89M, EV 86.2 MPH)
Runner from 3rd tags up, OUT at HOME! 9-2
Bill Bass to second
Batting: RHB Jim McDermott 0-0: Foul Ball, location: 2F
0-1: Ball
1-1: Ball
2-1: Fly out, F3 (Popup, 3SF, EV 74.4 MPH)
Top of the 2nd over - 0 runs, 2 hits, 0 errors, 1 left on base; Ballard 0 - Northwest Territory 2
BOTTOM OF THE 2ND
Northwest Territory Beavers batting - Pitching for Ballard Beavers : RHP Darryl Bailey
Batting: RHB John Warren 0-0: Ball
1-0: Ball
2-0: Foul Ball, location: 2F
2-1: Swinging Strike
2-2: Ball
3-2: Strikes out swinging
Batting: RHB Hyun-soo Yi 0-0: Ball
1-0: Called Strike
1-1: Called Strike
1-2: Strikes out swinging
Batting: RHB Ramón Moreno 0-0: Ball
1-0: Ground out 6-3 (Groundball, 6S, EV 93.1 MPH)
Bottom of the 2nd over - 0 runs, 0 hits, 0 errors, 0 left on base; Ballard 0 - Northwest Territory 2
TOP OF THE 3RD
Ballard Beavers batting - Pitching for Northwest Territory Beavers : LHP Archie MacMurchy
Batting: RHB Eli Johnson 0-0: Ball
1-0: Called Strike
1-1: SINGLE (Line Drive, 8RS, EV 105.0 MPH)
Batting: RHB Kevin Neal 0-0: Called Strike
0-1: Ball
1-1: Foul Ball, location: 2F
1-2: Strikes out looking
Batting: RHB Eldon Broadus 0-0: Ball
1-0: Ball
2-0: Called Strike
2-1: Grounds into double play, 1-6-3 (Groundball, 34S, EV 88.8 MPH)
Top of the 3rd over - 0 runs, 1 hit, 0 errors, 0 left on base; Ballard 0 - Northwest Territory 2
BOTTOM OF THE 3RD
Northwest Territory Beavers batting - Pitching for Ballard Beavers : RHP Darryl Bailey
Batting: RHB Ijsbert Reynoud 0-0: DOUBLE (Flyball, 8LXD, EV 98.1 MPH)
Batting: RHB Kenny Simmons 0-0: Called Strike
0-1: Foul Ball, location: 2F
0-2: Strikes out swinging
Batting: RHB Ming Wang 0-0: Ball
1-0: Foul Ball, location: 2F
1-1: Ball
2-1: Foul Ball, location: 2F
2-2: Ball
3-2: Foul Ball, location: 2F
3-2: DOUBLE (Line Drive, 3D, EV 98.8 MPH)
Ijsbert Reynoud scores
Batting: RHB Rodrigo Martínez 0-0: Ball
1-0: Called Strike
1-1: Called Strike
1-2: Strikes out looking
Batting: RHB Rich Kelley 0-0: Ball
1-0: Ball
2-0: Called Strike
2-1: Foul Ball, location: 2F
2-2: Ball
3-2: Foul Ball, location: 2F
3-2: Foul Ball, location: 2F
3-2: Fly out, F4 (Popup, 4M, EV 77.5 MPH)
Bottom of the 3rd over - 1 run, 2 hits, 0 errors, 1 left on base; Ballard 0 - Northwest Territory 3
TOP OF THE 4TH
Ballard Beavers batting - Pitching for Northwest Territory Beavers : LHP Archie MacMurchy
Batting: RHB Rich Joyner 0-0: DOUBLE (Flyball, 89XD, EV 101.2 MPH)
Batting: LHB Tonito Gomez 0-0: Ball
1-0: Foul Ball, location: 2F
1-1: Ball
2-1: Ball
3-1: Fly out, F9 (Flyball, 9, EV 97.5 MPH)
Batting: RHB John Johnson 0-0: Called Strike
0-1: Foul Ball, location: 2F
0-2: Foul Ball, location: 2F
0-2: Ball
1-2: Strikes out swinging
Batting: LHB Bill Bass 0-0: Ball
1-0: Ball
2-0: DOUBLE (Line Drive, 89M, EV 92.5 MPH)
Rich Joyner scores
Batting: LHB Shane Holman 0-0: Foul Ball, location: 2F
0-1: Reached on error, E4 (Groundball, 4, EV 110.6 MPH)
Bill Bass to third
Batting: RHB Jim McDermott 0-0: Called Strike
0-1: Called Strike
0-2: Fly out, F9 (Flyball, 9S, EV 91.2 MPH)
Top of the 4th over - 1 run, 2 hits, 1 error, 2 left on base; Ballard 1 - Northwest Territory 3
BOTTOM OF THE 4TH
Northwest Territory Beavers batting - Pitching for Ballard Beavers : RHP Darryl Bailey
Batting: RHB Bartolo Cortéz 0-0: Fly out, F6 (Flyball, 56D, EV 83.8 MPH)
Batting: RHB John Warren 0-0: Ball
1-0: Called Strike
1-1: Reached via error on a dropped throw from 3B, E3 (Groundball, 56, EV 86.2 MPH)
Batting: RHB Hyun-soo Yi 0-0: Called Strike
0-1: Ball
1-1: Swinging Strike
1-2: Foul Ball, location: 2F
1-2: SINGLE (Groundball, 56D, EV 100.6 MPH)
John Warren to second
Batting: RHB Ramón Moreno 0-0: Foul Ball, location: 2F
0-1: Fly out, F7 (Flyball, 7D, EV 107.5 MPH)
Runner from 2nd tags up, SAFE at 3rd, no throw by LF
Batting: RHB Ijsbert Reynoud 0-0: Ball
1-0: Ball
2-0: Ball
3-0: Called Strike
3-1: Called Strike
3-2: Base on Balls
Hyun-soo Yi to second
Batting: RHB Kenny Simmons 0-0: Ball
1-0: Ball
2-0: SINGLE (Flyball, 9S, EV 87.5 MPH)
John Warren scores
Hyun-soo Yi to third
Ijsbert Reynoud to second
Runner from 3rd tries for Home, SAFE, throw by RF to home
Batting: RHB Ming Wang 0-0: Ball
1-0: Foul Ball, location: 2F
1-1: Ball
2-1: Ground out 4-3 (Groundball, 34D, EV 97.5 MPH)
Bottom of the 4th over - 2 runs, 2 hits, 1 error, 2 left on base; Ballard 1 - Northwest Territory 5
TOP OF THE 5TH
Ballard Beavers batting - Pitching for Northwest Territory Beavers : LHP Archie MacMurchy
Batting: RHB Eli Johnson 0-0: Called Strike
0-1: Foul Ball, location: 2F
0-2: Strikes out swinging
Batting: RHB Kevin Neal 0-0: Ball
1-0: Ground out 5-3 (Groundball, 56S, EV 69.4 MPH)
Batting: RHB Eldon Broadus 0-0: Swinging Strike
0-1: Swinging Strike
0-2: Ball
1-2: Ball
2-2: Foul Ball, location: 2F
2-2: Strikes out swinging
Top of the 5th over - 0 runs, 0 hits, 0 errors, 0 left on base; Ballard 1 - Northwest Territory 5
BOTTOM OF THE 5TH
Northwest Territory Beavers batting - Pitching for Ballard Beavers : RHP Darryl Bailey
Batting: RHB Rodrigo Martínez 0-0: Called Strike
0-1: Foul Ball, location: 2F
0-2: Foul Ball, location: 2F
0-2: Ball
1-2: Ball
2-2: Ball
3-2: Strikes out looking
Batting: RHB Rich Kelley 0-0: Ball
1-0: Ball
2-0: Called Strike
2-1: Foul Ball, location: 2F
2-2: Foul Ball, location: 2F
2-2: Foul Ball, location: 2F
2-2: Ball
3-2: Fly out, F4 (Popup, 13S, EV 85.0 MPH)
Pitching: RHP Edward Urry
Batting: RHB Bartolo Cortéz 0-0: Called Strike
0-1: Ground out 5-3 (Groundball, 56, EV 86.9 MPH)
Bottom of the 5th over - 0 runs, 0 hits, 0 errors, 0 left on base; Ballard 1 - Northwest Territory 5
TOP OF THE 6TH
Ballard Beavers batting - Pitching for Northwest Territory Beavers : LHP Archie MacMurchy
Batting: RHB Rich Joyner 0-0: Called Strike
0-1: Ball
1-1: Foul Ball, location: 2F
1-2: Ball
2-2: Foul Ball, location: 2F
2-2: Foul Ball, location: 2F
2-2: Ball
3-2: Foul Ball, location: 2F
3-2: Fly out, F7 (Flyball, 7D, EV 102.5 MPH)
Batting: LHB Tonito Gomez 0-0: Ball
1-0: Ball
2-0: Ball
3-0: Called Strike
3-1: Base on Balls
Pitching: RHP Christian Hebert
Batting: RHB John Johnson 0-0: Ball
1-0: Foul Ball, location: 2F
1-1: Swinging Strike
1-2: Strikes out looking
Batting: LHB Bill Bass 0-0: Called Strike
0-1: Ball
1-1: Called Strike
Tonito Gomez steals 2nd base
1-2: Ball
2-2: Fly out, F5 (Popup, 5SF, EV 73.8 MPH)
Top of the 6th over - 0 runs, 0 hits, 0 errors, 1 left on base; Ballard 1 - Northwest Territory 5
BOTTOM OF THE 6TH
Northwest Territory Beavers batting - Pitching for Ballard Beavers : RHP Edward Urry
Batting: RHB John Warren 0-0: Ball
1-0: Ball
2-0: Ground out 6-3 (Groundball, 6, EV 80.0 MPH)
Batting: RHB Hyun-soo Yi 0-0: Swinging Strike
0-1: Swinging Strike
0-2: Strikes out looking
Batting: RHB Ramón Moreno 0-0: Called Strike
0-1: Ball
1-1: Called Strike
1-2: Strikes out looking
Bottom of the 6th over - 0 runs, 0 hits, 0 errors, 0 left on base; Ballard 1 - Northwest Territory 5
TOP OF THE 7TH
Ballard Beavers batting - Pitching for Northwest Territory Beavers : RHP Christian Hebert
Batting: LHB Shane Holman 0-0: Ball
1-0: Foul Ball, location: 2F
1-1: Swinging Strike
1-2: Ball
2-2: Fly out, F8 (Flyball, 8RD, EV 97.5 MPH)
Batting: RHB Jim McDermott 0-0: Ball
1-0: Called Strike
1-1: Ball
2-1: Foul Ball, location: 2F
2-2: Strikes out looking
Batting: RHB Eli Johnson 0-0: Ball
1-0: Ball
2-0: Called Strike
2-1: Called Strike
2-2: Ball
3-2: Strikes out looking
Top of the 7th over - 0 runs, 0 hits, 0 errors, 0 left on base; Ballard 1 - Northwest Territory 5
BOTTOM OF THE 7TH
Northwest Territory Beavers batting - Pitching for Ballard Beavers : RHP Edward Urry
Batting: RHB Ijsbert Reynoud 0-0: Called Strike
0-1: Ground out 1-3 (Groundball, 13S, EV 71.9 MPH)
Batting: RHB Kenny Simmons 0-0: Ball
1-0: Swinging Strike
1-1: Ball
2-1: Ball
3-1: Foul Ball, location: 2F
3-2: Foul Ball, location: 2F
3-2: Base on Balls
Batting: RHB Ming Wang 0-0: Ball
Kenny Simmons steals 2nd base
1-0: DOUBLE (Flyball, 8RXD, EV 100.6 MPH)
Kenny Simmons scores
Batting: RHB Rodrigo Martínez 0-0: Called Strike
0-1: 2-RUN HOME RUN (Flyball, 7D, EV 91.9 MPH), Distance : 358 ft
Batting: RHB Rich Kelley 0-0: Ball
1-0: Ball
2-0: Called Strike
2-1: Ball
3-1: Swinging Strike
3-2: Foul Ball, location: 2F
3-2: Foul Ball, location: 2F
3-2: Strikes out looking
Batting: RHB Bartolo Cortéz 0-0: Fly out, F8 (Flyball, 8LD, EV 103.1 MPH)
Bottom of the 7th over - 3 runs, 2 hits, 0 errors, 0 left on base; Ballard 1 - Northwest Territory 8
TOP OF THE 8TH
Ballard Beavers batting - Pitching for Northwest Territory Beavers : RHP Christian Hebert
Batting: RHB Kevin Neal 0-0: Ball
1-0: Ball
2-0: Fly out, F8 (Flyball, 78S, EV 89.4 MPH)
Batting: RHB Eldon Broadus 0-0: Fly out, F9 (Flyball, 9S, EV 70.6 MPH)
Pinch Hitting: RHB Javier Cruz 0-0: Foul Ball, location: 2F
0-1: Called Strike
0-2: Ball
1-2: Ball
2-2: Strikes out swinging
Top of the 8th over - 0 runs, 0 hits, 0 errors, 0 left on base; Ballard 1 - Northwest Territory 8
BOTTOM OF THE 8TH
Northwest Territory Beavers batting - Pitching for Ballard Beavers : RHP Edward Urry
Now at 1B: Sang-mok Chong
Batting: RHB John Warren 0-0: Ball
1-0: Ball
2-0: Foul Ball, location: 2F
2-1: Fly out, F9 (Line Drive, 9, EV 97.5 MPH)
Batting: RHB Hyun-soo Yi 0-0: Called Strike
0-1: Ground out 5-3 (Groundball, 56, EV 86.9 MPH)
Batting: RHB Ramón Moreno 0-0: Called Strike
0-1: Ball
1-1: Ground out 6-3 (Groundball, 6, EV 83.8 MPH)
Bottom of the 8th over - 0 runs, 0 hits, 0 errors, 0 left on base; Ballard 1 - Northwest Territory 8
TOP OF THE 9TH
Ballard Beavers batting - Pitching for Northwest Territory Beavers : RHP Christian Hebert
Batting: LHB Tonito Gomez 0-0: Called Strike
0-1: Ball
1-1: Ball
2-1: Ball
3-1: Base on Balls
Pitching: RHP José Soto
Batting: RHB John Johnson 0-0: Called Strike
0-1: Ball
1-1: Ball
2-1: Foul Ball, location: 2F
2-2: Ball
3-2: Strikes out looking
Batting: LHB Bill Bass 0-0: Ball
1-0: Foul Ball, location: 2F
1-1: Foul Ball, location: 2F
1-2: Foul Ball, location: 2F
1-2: Ball
2-2: Strikes out looking
Batting: LHB Shane Holman 0-0: SINGLE (Flyball, 78S, EV 93.1 MPH)
Tonito Gomez to second
Batting: RHB Jim McDermott 0-0: Called Strike
0-1: Fly out, F8 (Flyball, 89XD, EV 100.0 MPH)
Top of the 9th over - 0 runs, 1 hit, 0 errors, 2 left on base; Ballard 1 - Northwest Territory 8
Friday, March 26th, 2021 - OOTP Baseball 20.8 Build 74